Map: Prion Terraces

Players

Scan

  • Race: Terran Terran
  • League: Grandmaster

DarKicE - Winner!

  • Race: Terran Terran
  • League: Grandmaster

VOD

Have the link to the VOD?

Description

Time

  • Played on: March 1, 2016, 4:55 p.m.
  • Length: 8:54
Show
View Real Time Build Order
Export as new Build Order

Scan Terran 

Build Orders: Reaper Expand, Bio Tank 

Get SALT Encoding   

  12  0:00  SCV  
  13  0:13  SCV  
  14  0:22  Supply Depot  
  14  0:25  SCV  
  15  0:44  SCV, Barracks  
  15  0:46  Refinery  
  16  0:56  SCV  
  17  1:08  SCV  
  18  1:20  SCV  
  19  1:32  Orbital Command  
  19  1:33  Reaper  
  20  1:44  Command Center  
  20  1:53  Supply Depot  
  20  1:58  SCV  
  20  2:00  Refinery  
  21  2:05  Reaper  
  22  2:10  SCV  
  23  2:23  SCV  
  23  2:27  Factory  
  24  2:35  SCV  
  25  2:37  Barracks Reactor  
  25  2:43  Bunker  
  25  2:47  SCV  
  26  2:58  Orbital Command  
  26  2:59  SCV  
  27  3:11  SCV  
  27  3:12  Starport, Factory Tech Lab  
  28  3:14  Marine  
  28  3:15  Marine  
  30  3:23  SCV  
  30  3:26  SCV  
  32  3:35  SCV  
  32  3:36  Marine x2, Siege Tank  
  36  3:41  SCV  
  36  3:47  SCV  
  38  3:50  Viking  
  38  3:53  SCV, Supply Depot  
  38  3:55  Marine x2  
  42  3:59  SCV  
  44  4:04  Supply Depot  
  44  4:05  SCV  
  45  4:11  SCV  
  45  4:15  Siege Tank  
  45  4:16  Engineering Bay, Marine x2  
  51  4:17  SCV  
  51  4:20  Starport Tech Lab  
  51  4:23  SCV  
  53  4:30  SCV  
  54  4:31  Supply Depot  
  54  4:32  Supply Depot  
  54  4:36  SCV  
  55  4:43  Barracks  
  55  4:45  Starport Reactor, Missile Turret, Barracks  
  55  4:47  Siege Tank  
  55  4:49  Missile Turret  
  58  4:57  SCV x2  
  60  5:02  Stimpack, Marine  
  60  5:05  Refinery  
  60  5:06  Refinery  
  61  5:09  SCV x2  
  63  5:21  SCV x2, Siege Tank  
  65  5:25  Barracks  
  65  5:26  Barracks  
  68  5:32  Supply Depot  
  68  5:34  SCV, Supply Depot  
  68  5:35  SCV, Supply Depot  
  70  5:39  Terran Infantry Weapons Level 1  
  70  5:45  Marine  
  70  5:46  Marine x4  
  70  5:48  Starport Reactor  
  75  5:54  Siege Tank  
  75  5:56  SCV x2  
  80  6:03  Supply Depot  
  80  6:05  Supply Depot  
  80  6:06  Supply Depot  
  80  6:07  Marine x4  
  80  6:08  Marine  
  85  6:14  Barracks Reactor  
  85  6:15  Barracks Reactor  
  85  6:16  SCV x2  
  87  6:24  Medivac x2  
  90  6:28  Marine x2  
  90  6:29  Marine x2  
  90  6:32  Marine  
  94  6:34  Siege Tank  
  97  6:41  Supply Depot  
  97  6:43  Supply Depot  
  97  6:44  Supply Depot  
  97  6:50  Marine  
  97  6:51  Marine x5  
  97  6:52  Marine x3  
  106  6:54  Medivac x2  
  108  7:07  Siege Tank  
  111  7:14  Command Center  
  111  7:16  Combat Shields, Marine  
  111  7:17  Marine x6  
  116  7:37  Marine  
  116  7:38  Marine x8  
  116  7:39  Siege Tank  
  94  8:01  Marine x9  
  95  8:11  Siege Tank  
  95  8:12  SCV x2  
  100  8:19  Marine x7  
Show
View Real Time Build Order
Export as new Build Order

DarKicE Terran - Winner!

Build Orders: Reaper Expand, MMM Bio 

Get SALT Encoding   

  12  0:00  SCV  
  13  0:13  SCV  
  14  0:18  Supply Depot  
  14  0:25  SCV  
  15  0:40  SCV  
  15  0:41  Barracks  
  16  0:46  Refinery  
  16  0:52  SCV  
  17  1:04  SCV  
  18  1:16  SCV  
  19  1:28  Orbital Command  
  19  1:29  Reaper  
  20  1:43  Command Center  
  20  1:54  SCV, Supply Depot  
  21  2:01  Marine  
  21  2:08  SCV  
  23  2:11  Factory  
  23  2:20  SCV  
  24  2:26  Barracks Reactor  
  24  2:29  Refinery  
  24  2:32  SCV  
  25  2:44  SCV  
  26  2:56  SCV  
  26  2:59  Hellion, Orbital Command  
  26  3:02  Marine  
  26  3:03  Marine  
  26  3:04  Starport  
  30  3:06  Supply Depot  
  30  3:08  SCV  
  31  3:20  SCV, Marine x2  
  33  3:37  Widow Mine  
  33  3:39  SCV  
  37  3:41  SCV, Marine  
  37  3:42  Marine, Medivac  
  41  3:53  Supply Depot  
  41  3:54  SCV  
  42  3:56  SCV  
  42  3:59  Marine  
  42  4:00  Marine  
  45  4:06  SCV  
  45  4:08  SCV, Factory Tech Lab  
  47  4:17  Viking  
  47  4:19  SCV  
  47  4:20  SCV  
  47  4:22  Marine x2, Barracks  
  47  4:23  Barracks  
  53  4:28  Siege Tank  
  53  4:31  SCV  
  57  4:32  SCV  
  57  4:34  Supply Depot  
  57  4:36  Refinery  
  58  4:43  SCV  
  59  4:46  Supply Depot  
  59  4:51  Barracks  
  59  4:52  Barracks  
  59  4:55  SCV  
  59  4:59  Engineering Bay  
  60  5:01  Siege Tank  
  60  5:02  Starport Reactor  
  60  5:05  SCV  
  64  5:07  SCV  
  64  5:08  Supply Depot  
  64  5:11  Barracks Tech Lab x2  
  64  5:12  Marine x2  
  67  5:15  Refinery  
  67  5:17  SCV  
  68  5:29  SCV  
  68  5:30  Terran Infantry Weapons Level 1  
  68  5:32  Supply Depot  
  68  5:33  Combat Shields  
  68  5:34  Stimpack  
  69  5:38  SCV  
  69  5:41  SCV  
  71  5:43  Marine x3  
  71  5:44  Marine  
  71  5:47  Starport Reactor, Barracks Reactor  
  75  5:54  Supply Depot  
  75  5:55  Supply Depot  
  75  5:58  Siege Tank  
  75  6:01  Marine x5  
  75  6:02  Marine  
  84  6:04  Supply Depot  
  84  6:13  Supply Depot  
  84  6:19  Marine x6  
  90  6:26  Medivac x2  
  90  6:30  Siege Tank  
  90  6:31  Marine x2  
  99  6:36  Marine  
  99  6:37  Marine x5, Supply Depot  
  105  6:42  Supply Depot  
  105  6:43  Supply Depot  
  104  6:49  Marine x2  
  105  6:54  Marine x2  
  105  6:55  Marine x2  
  109  7:02  Siege Tank  
  109  7:06  Marine x3  
  109  7:07  Marine, Medivac x2  
  120  7:15  Marine x2  
  122  7:20  Supply Depot  
  122  7:29  Marine  
  120  7:30  Marine x5  
  120  7:33  Marine x2  
  128  7:40  Siege Tank, Medivac  
  133  7:47  Marine  
  133  7:50  Marine  
  133  7:51  Marine x2  
  135  7:56  Marine x4  
  119  8:05  Marine  
  113  8:08  Marine, Medivac  
  113  8:09  Marine x2  
  119  8:14  Marine x4  
  123  8:23  Marine  
  123  8:26  Marine  
  125  8:32  Marine x2  
Tags
 
Add a new tag
Caveats
  • Supply blocks, unpowered buildings, or Contaminate may cause inaccurate times.
  • Supply counts are checked every 10 seconds.